Map: Frozen Temple

Players

Magnus

  • Race: Terran Terran
  • League: Master

Miszu - Winner!

  • Race: Terran Terran
  • League: Grandmaster

VOD

Have the link to the VOD?

Description

Time

  • Played on: May 28, 2016, 4:20 p.m.
  • Length: 9:43
Show
View Real Time Build Order
Export as new Build Order

Magnus Terran 

Build Orders: 1/1/1, Liberator Opening 

Get SALT Encoding   

  12  0:00  SCV  
  13  0:12  SCV  
  14  0:17  Supply Depot  
  14  0:24  SCV  
  15  0:29  Refinery  
  15  0:39  SCV  
  16  0:45  Barracks  
  16  0:51  SCV  
  17  0:57  Refinery  
  17  1:03  SCV  
  18  1:15  SCV  
  19  1:31  Orbital Command  
  19  1:32  Reaper  
  20  1:37  Factory  
  20  1:52  Supply Depot  
  20  1:57  SCV  
  21  2:04  Reaper  
  22  2:09  SCV  
  23  2:21  Hellion, SCV  
  25  2:24  Starport  
  25  2:33  SCV  
  25  2:36  Reaper  
  27  2:37  Supply Depot  
  27  2:45  SCV  
  27  2:46  Hellion, Liberator  
  30  2:55  Supply Depot  
  30  2:57  SCV  
  34  3:08  Reaper  
  35  3:14  Hellion  
  35  3:16  SCV  
  38  3:21  Supply Depot  
  38  3:28  SCV  
  39  3:35  Hellion  
  39  3:39  Engineering Bay  
  39  3:40  SCV  
  42  3:53  SCV  
  39  3:57  Hellion  
  39  3:59  Barracks Reactor  
  41  4:05  SCV  
  42  4:14  Command Center  
  42  4:17  SCV  
  42  4:24  Viking, Factory Tech Lab  
  45  4:29  SCV  
  43  4:40  Barracks x2  
  43  4:41  Marine  
  43  4:42  Marine  
  45  4:46  SCV  
  46  4:53  Siege Tank  
  46  4:58  SCV  
  46  4:59  Marine  
  50  5:00  Marine  
  50  5:06  Supply Depot  
  52  5:07  Terran Infantry Weapons Level 1  
  52  5:12  Medivac  
  54  5:18  Marine  
  55  5:25  Marine  
  55  5:26  Orbital Command  
  56  5:28  Barracks Tech Lab  
  56  5:30  Barracks Reactor  
  56  5:34  SCV  
  57  5:36  Marine  
  58  5:45  Marine  
  58  5:47  SCV  
  60  5:54  Marine x2  
  60  5:56  SCV  
  63  6:01  Siege Tank  
  63  6:02  Marine  
  67  6:10  Supply Depot  
  67  6:13  Marine  
  65  6:20  Marine x2  
  65  6:21  SCV  
  66  6:31  Marine  
  65  6:33  Siege Tank  
  65  6:38  Marine x2  
  67  6:41  SCV  
  62  6:49  Marine  
  63  6:55  Marine  
  63  6:56  Marine  
  65  7:07  Marine  
  64  7:13  Marine x2  
  63  7:25  Marine  
  63  7:26  Orbital Command  
  57  7:31  Marine x2  
  57  7:32  SCV  
  48  7:42  Marine  
  49  7:49  Marine x2  
  49  7:50  SCV  
  52  7:53  SCV  
  53  8:00  Marine  
  53  8:01  Starport Reactor  
  53  8:02  Siege Tank  
  53  8:04  SCV  
  58  8:06  Command Center  
  58  8:07  Marine, Barracks Tech Lab  
  58  8:10  SCV  
  60  8:16  SCV  
  60  8:18  Marine, Barracks  
  62  8:22  SCV  
  62  8:25  Marine  
  62  8:26  Marine  
  65  8:28  SCV  
  65  8:32  Supply Depot  
  66  8:34  SCV  
  66  8:35  Supply Depot  
  66  8:36  Marine  
  66  8:39  Medivac  
  70  8:54  Marine x2, Medivac, Siege Tank, SCV  
  78  8:56  Marine  
  78  8:58  Supply Depot  
  78  9:03  SCV  
  78  9:09  Marine, Medivac  
  67  9:11  Marine x2  
  67  9:14  Marine  
Show
View Real Time Build Order
Export as new Build Order

Miszu Terran - Winner!

Build Orders: 1/1/1, MMM Bio 

Get SALT Encoding   

  12  0:01  SCV  
  13  0:13  SCV  
  14  0:18  Supply Depot  
  14  0:25  SCV  
  15  0:39  SCV  
  16  0:43  Barracks  
  16  0:45  Refinery  
  16  0:51  SCV  
  17  0:57  Refinery  
  17  1:03  SCV  
  18  1:15  SCV  
  19  1:31  Orbital Command  
  19  1:36  Factory  
  19  1:42  Reaper  
  20  1:53  Supply Depot  
  20  1:57  SCV  
  21  2:09  SCV  
  21  2:15  Reaper  
  23  2:20  Hellion  
  23  2:21  SCV  
  26  2:23  Starport  
  26  2:32  Supply Depot  
  26  2:33  SCV  
  27  2:41  Hellion  
  29  2:47  Reaper  
  30  2:59  Medivac  
  30  3:04  Hellion  
  34  3:17  Command Center  
  34  3:22  Supply Depot  
  34  3:24  SCV  
  34  3:26  Barracks Tech Lab  
  31  3:34  Viking  
  35  3:36  Barracks Reactor  
  35  3:37  Factory Tech Lab  
  37  3:46  SCV  
  35  3:57  Siege Tank  
  35  3:58  SCV  
  39  4:04  Viking  
  41  4:19  Marine x2, SCV  
  41  4:23  Bunker  
  44  4:33  SCV  
  44  4:40  Siege Tank  
  44  4:44  Marine x2  
  49  4:52  SCV  
  52  4:58  Orbital Command  
  52  5:03  Viking  
  52  5:05  SCV  
  53  5:07  Supply Depot  
  53  5:11  Marine  
  54  5:23  Barracks, SCV  
  54  5:25  Barracks  
  55  5:30  Siege Tank  
  55  5:31  SCV  
  59  5:36  Starport Reactor  
  60  5:42  SCV  
  60  5:45  Marine x2  
  60  5:48  SCV  
  63  5:53  Engineering Bay  
  63  6:03  Marine x2  
  65  6:10  SCV  
  64  6:21  Marine x2  
  64  6:25  Barracks Tech Lab x2  
  62  6:26  SCV x2  
  64  6:38  SCV x2  
  64  6:39  Marine x2  
  64  6:45  Terran Infantry Weapons Level 1  
  64  6:46  Marine x2  
  64  6:47  Combat Shields  
  64  6:48  Stimpack  
  64  6:49  Refinery  
  64  6:50  SCV x2  
  67  6:56  Marine  
  68  7:02  Marine, SCV  
  70  7:12  Supply Depot, Marine x2, SCV  
  70  7:13  Supply Depot  
  70  7:14  Marine, SCV  
  75  7:19  Marine  
  76  7:24  SCV  
  71  7:30  Marine x2  
  71  7:32  Marine  
  71  7:34  SCV  
  71  7:36  Medivac x2, Siege Tank  
  78  7:37  Marine, SCV  
  80  7:45  Supply Depot x2  
  80  7:46  SCV  
  80  7:48  Marine  
  80  7:49  Marine, SCV  
  81  7:56  Marine x2  
  83  7:58  SCV  
  83  8:01  SCV  
  85  8:06  Marine x2  
  85  8:08  Barracks x2  
  85  8:10  Refinery, SCV  
  88  8:13  Supply Depot, SCV  
  88  8:14  Marine  
  88  8:15  Marine  
  88  8:17  Medivac, Siege Tank  
  96  8:23  SCV  
  96  8:24  Marine x2  
  99  8:35  Marine x2  
  99  8:40  Supply Depot  
  101  8:44  Marine, Command Center  
  101  8:45  Marine  
  103  8:49  Medivac  
  103  8:52  Marine  
  106  9:00  Barracks Reactor x2, Engineering Bay, Armory  
  94  9:17  Marine  
  94  9:21  Marine x2  
  94  9:25  Marine  
Tags
 
Add a new tag
Caveats
  • Supply blocks, unpowered buildings, or Contaminate may cause inaccurate times.
  • Supply counts are checked every 10 seconds.